[Event "Titled Tuesday Blitz October 31 Late 2023"]
[White "Schut, Han"]
[Black "Skatchkov, Valery"]
[WhiteFideId "1005561"]
[BlackFideId "24195812"]
[WhiteElo "2292"]
[BlackElo "2581"]
[Result "0-1"]
[Round "1"]
[TimeControl "180+1"]
[Date "2023.10.31"]
[WhiteClock "0:00:16"]
[BlackClock "0:01:17"]
[Board "132"]

1. e4 e5 2. Nf3 d5 3. exd5 e4 4. Ne5 Qxd5 5. d4 exd3 6. Nxd3 Nf6 7. Nc3 Qf5 8. Be2 Bd6 9. O-O O-O 10. Be3 Nc6 11. Bf3 Be6 12. g3 Rad8 13. Bg2 Rfe8 14. f3 Bxa2 15. Ne4 Bc4 16. Bg5 Be7 17. g4 Qg6 18. h4 Nxe4 19. Bxe7 Rxe7 20. fxe4 Qh6 21. h5 Qe3+ 22. Kh1 Bxd3 23. cxd3 Rxd3 24. Qe1 Qxe1 25. Raxe1 f6 26. Rf5 Re5 27. g5 fxg5 28. Ref1 Rxf5 29. exf5 Kf7 30. Be4 Rd6 31. f6 Rxf6 32. Bxh7 Rxf1+ 0-1


[Site "https://www.chess.com"]

[Event "Titled Tuesday Blitz October 31 Late 2023"]
[White "Ezat, Mohamed"]
[Black "Fominykh, Maria"]
[WhiteFideId "10600906"]
[BlackFideId "4142411"]
[WhiteElo "2581"]
[BlackElo "2288"]
[Result "1-0"]
[Round "1"]
[TimeControl "180+1"]
[Date "2023.10.31"]
[WhiteClock "0:00:33"]
[BlackClock "0:00:00"]
[Board "133"]

1. d4 Nf6 2. c4 e6 3. Nf3 Bb4+ 4. Bd2 Qe7 5. g3 O-O 6. Bg2 Ne4 7. O-O Nxd2 8. Nbxd2 d5 9. Rc1 Nc6 10. e3 Rd8 11. Qb3 Na5 12. Qd3 dxc4 13. Nxc4 Nxc4 14. Rxc4 Ba5 15. Qc2 Bd7 16. a4 Bc6 17. Rxc6 bxc6 18. Ne5 Qb4 19. Nxc6 Qd2 20. Qxd2 Bxd2 21. Rd1 Bb4 22. Nxb4 Rac8 23. Nc6 Re8 24. Nxa7 Rb8 25. Nb5 Rec8 26. Bc6 Rb6 27. Rc1 Kf8 28. b3 Ke7 29. Kf1 f6 30. Ke2 h5 31. Kd3 g5 32. Rc5 Rh8 33. Bg2 c6 34. Rxc6 Rxc6 35. Bxc6 h4 36. a5 hxg3 37. hxg3 1-0


[Site "https://www.chess.com"]

[Event "Titled Tuesday Blitz October 31 Late 2023"]
[White "Matsuura, Frederico"]
[Black "Filipets, Egor"]
[WhiteFideId "2107848"]
[BlackFideId "13503928"]
[WhiteElo "2281"]
[BlackElo "2580"]
[Result "0-1"]
[Round "1"]
[TimeControl "180+1"]
[Date "2023.10.31"]
[WhiteClock "0:01:45"]
[BlackClock "0:02:20"]
[Board "134"]

1. d4 f5 2. e3 Nf6 3. Be2 g6 4. h4 h6 5. Nh3 Nc6 6. Nf4 e5 7. Nxg6 Rg8 8. Nxe5 Nxe5 9. dxe5 Ne4 10. Bh5+ Ke7 11. Qd5 Rg7 12. b3 d6 13. Bb2 Be6 14. Qxb7 Rxg2 0-1


[Site "https://www.chess.com"]

[Event "Titled Tuesday Blitz October 31 Late 2023"]
[White "Karttunen, Mika"]
[Black "Jahnz, Fabian"]
[WhiteFideId "502081"]
[BlackFideId "4653300"]
[WhiteElo "2579"]
[BlackElo "2281"]
[Result "1-0"]
[Round "1"]
[TimeControl "180+1"]
[Date "2023.10.31"]
[WhiteClock "0:01:36"]
[BlackClock "0:01:18"]
[Board "135"]

1. e4 c6 2. d4 d5 3. e5 Bf5 4. h4 Qc7 5. Bd3 Bxd3 6. Qxd3 e6 7. h5 Ne7 8. Nd2 Nd7 9. a4 c5 10. c3 h6 11. Ne2 Nc6 12. O-O Be7 13. Qg3 O-O 14. Nf3 Kh7 15. Nf4 cxd4 16. cxd4 Qb6 17. Be3 Rab8 18. Nxe6 fxe6 19. Qg6+ Kh8 20. Qxe6 Qxb2 21. Qxd7 Rbd8 22. Qg4 b6 23. Rac1 Rc8 24. Qe6 1-0


[Site "https://www.chess.com"]

[Event "Titled Tuesday Blitz October 31 Late 2023"]
[White "Smirnov, Timofey"]
[Black "Sivakumar, Shaaketh"]
[WhiteFideId "24176427"]
[BlackFideId "30940176"]
[WhiteElo "2280"]
[BlackElo "2579"]
[Result "0-1"]
[Round "1"]
[TimeControl "180+1"]
[Date "2023.10.31"]
[WhiteClock "0:00:34"]
[BlackClock "0:00:44"]
[Board "136"]

1. d4 e6 2. Bf4 Nf6 3. e3 b6 4. Nf3 Bb7 5. h3 d5 6. Be2 Bd6 7. Ne5 Nbd7 8. Nd2 Ne4 9. Ndf3 f6 10. Nxd7 Bxf4 11. Nxf6+ Qxf6 12. exf4 Qxf4 13. O-O O-O 14. Ne5 Nxf2 15. Qe1 Qxd4 16. Nf3 Rxf3 17. Bxf3 Nd3+ 18. Qf2 Nxf2 19. Rxf2 Qxb2 20. Raf1 e5 21. Bg4 h6 22. Be6+ Kh7 23. Bf5+ Kh8 24. Bg6 Qb4 25. Rf7 Qd6 26. h4 Qxg6 27. h5 Qxh5 0-1


[Site "https://www.chess.com"]

[Event "Titled Tuesday Blitz October 31 Late 2023"]
[White "Hoang, Thi Bao Tram"]
[Black "Kornyukov, Alexey"]
[WhiteFideId "12401102"]
[BlackFideId "4150457"]
[WhiteElo "2574"]
[BlackElo "2280"]
[Result "0-1"]
[Round "1"]
[TimeControl "180+1"]
[Date "2023.10.31"]
[WhiteClock "0:00:00"]
[BlackClock "0:00:05"]
[Board "137"]

1. d4 d5 2. c3 Nf6 3. Nf3 Bf5 4. Bf4 e6 5. Qb3 Bd6 6. Bg3 b6 7. e3 O-O 8. Nbd2 Nbd7 9. Ne5 Bxe5 10. dxe5 Ng4 11. Nf3 Be4 12. h3 Bxf3 13. hxg4 Bxg4 14. Bd3 g6 15. Qb4 Qg5 16. Bf4 Nxe5 17. Bc2 c5 18. Qb5 Qf6 19. Bh6 Rfd8 20. f4 Nc4 21. Bg5 Qg7 22. Bxd8 Rxd8 23. Kf2 e5 24. b3 exf4 25. bxc4 Qxc3 26. Rhe1 Qxc2+ 27. Kg1 f3 28. gxf3 Bxf3 0-1


[Site "https://www.chess.com"]

[Event "Titled Tuesday Blitz October 31 Late 2023"]
[White "Vifleemskaia, Svetlana"]
[Black "Kashefi, Amir Hosein"]
[WhiteFideId "4129490"]
[BlackFideId "12557935"]
[WhiteElo "2273"]
[BlackElo "2571"]
[Result "0-1"]
[Round "1"]
[TimeControl "180+1"]
[Date "2023.10.31"]
[WhiteClock "0:00:46"]
[BlackClock "0:00:30"]
[Board "138"]

1. d4 d5 2. c4 c6 3. cxd5 cxd5 4. Bf4 Nf6 5. Nc3 Nc6 6. e3 a6 7. h3 g6 8. Bd3 Bg7 9. Nf3 O-O 10. O-O Bd7 11. Rc1 Rc8 12. Ne5 e6 13. a3 Nxe5 14. Bxe5 Bc6 15. b4 Nd7 16. Bxg7 Kxg7 17. a4 Nf6 18. b5 axb5 19. axb5 Bd7 20. Qb3 Qa5 21. Na4 Rxc1 22. Rxc1 Rc8 23. Rxc8 Bxc8 24. b6 Bd7 25. Nc5 Qe1+ 26. Bf1 Bc6 27. g3 h5 28. Kg2 h4 29. g4 Nxg4 30. hxg4 h3+ 31. Kxh3 Qxf1+ 32. Kg3 Qg1+ 33. Kf3 f5 34. Nxe6+ Kf6 35. gxf5 gxf5 36. Nf4 Qg4# 0-1


[Site "https://www.chess.com"]

[Event "Titled Tuesday Blitz October 31 Late 2023"]
[White "Sargsyan, Anna M."]
[Black "Sramek, Vojtech"]
[WhiteFideId "13308130"]
[BlackFideId "358681"]
[WhiteElo "2570"]
[BlackElo "2267"]
[Result "1-0"]
[Round "1"]
[TimeControl "180+1"]
[Date "2023.10.31"]
[WhiteClock "0:01:00"]
[BlackClock "0:00:00"]
[Board "139"]

1. d4 d5 2. c4 c6 3. Nc3 Nf6 4. Nf3 e6 5. e3 Nbd7 6. Bd3 dxc4 7. Bxc4 b5 8. Bd3 Bb7 9. Qc2 a6 10. e4 c5 11. e5 Nd5 12. Nxd5 Bxd5 13. Be4 cxd4 14. Bxd5 exd5 15. Nxd4 Nxe5 16. O-O Bd6 17. f4 Ng6 18. f5 Ne5 19. f6 O-O 20. fxg7 Re8 21. Nf5 Ra7 22. Be3 Rc7 23. Nh6+ Kxg7 24. Qf5 Qe7 25. Bg5 Qe6 26. Bf6+ Kf8 27. Qxh7 Nf3+ 28. Rxf3 Bc5+ 29. Kh1 Qe1+ 30. Rf1 1-0


[Site "https://www.chess.com"]

[Event "Titled Tuesday Blitz October 31 Late 2023"]
[White "Cardozo Munar, Carlos Eduardo"]
[Black "Arencibia Monduy, Antonio"]
[WhiteFideId "4409477"]
[BlackFideId "3507939"]
[WhiteElo "2266"]
[BlackElo "2569"]
[Result "0-1"]
[Round "1"]
[TimeControl "180+1"]
[Date "2023.10.31"]
[WhiteClock "0:00:10"]
[BlackClock "0:01:19"]
[Board "140"]

1. d4 b6 2. c3 Bb7 3. Nf3 Nf6 4. Bg5 e6 5. Nbd2 Be7 6. e3 h6 7. Bh4 Ne4 8. Bxe7 Qxe7 9. Nxe4 Bxe4 10. Bd3 Bb7 11. e4 d6 12. Qe2 Nd7 13. a4 a5 14. O-O O-O 15. e5 Bxf3 16. Qxf3 dxe5 17. Qe4 f5 18. Qc6 exd4 19. Bc4 Kh8 20. cxd4 e5 21. Qxc7 Rac8 22. Qxc8 Rxc8 23. Bb5 Nf6 24. dxe5 Qxe5 25. b3 Ng4 26. g3 Rc2 27. Rad1 Qc5 28. Rd8+ Kh7 29. h3 Nxf2 30. Kg2 Ne4+ 31. Kf3 Rf2+ 32. Rxf2 Qxf2# 0-1


[Site "https://www.chess.com"]

[Event "Titled Tuesday Blitz October 31 Late 2023"]
[White "balachess2006"]
[Black "Slavin, Alexey"]
[BlackFideId "24104388"]
[WhiteElo "2566"]
[BlackElo "2260"]
[Result "1-0"]
[Round "1"]
[TimeControl "180+1"]
[Date "2023.10.31"]
[WhiteClock "0:00:30"]
[BlackClock "0:00:20"]
[Board "141"]

1. Nf3 Nc6 2. d4 d6 3. d5 Ne5 4. Nc3 Nxf3+ 5. exf3 Nf6 6. Bc4 g6 7. O-O Bg7 8. Re1 O-O 9. Bg5 Bd7 10. Qd2 Re8 11. Rad1 a6 12. Bb3 c5 13. dxc6 Bxc6 14. a3 Rc8 15. Ne2 Bd7 16. Bh4 b5 17. Nf4 Rc5 18. Nd3 Rc8 19. Nf4 Rc5 20. c3 g5 21. Nd3 gxh4 22. Nxc5 dxc5 23. Qg5 c4 24. Bc2 e6 25. Qxh4 Qe7 26. Re5 Bc6 27. Rg5 Kh8 28. Re1 h6 29. Rg3 Ng8 30. Qh5 Bd5 31. Rh3 Qf6 32. Qg4 a5 33. Re3 b4 34. axb4 axb4 35. f4 b3 36. Bd1 Ra8 37. Rhg3 Ra1 38. Re1 Rb1 39. f5 Qxf5 40. Qxg7# 1-0


[Site "https://www.chess.com"]

[Event "Titled Tuesday Blitz October 31 Late 2023"]
[White "Lock, Gavin R"]
[Black "Erdogan, Anil Berk"]
[WhiteFideId "408646"]
[BlackFideId "6348173"]
[WhiteElo "2258"]
[BlackElo "2563"]
[Result "0-1"]
[Round "1"]
[TimeControl "180+1"]
[Date "2023.10.31"]
[WhiteClock "0:00:00"]
[BlackClock "0:01:04"]
[Board "142"]

1. e4 c5 2. Nf3 g6 3. c3 Bg7 4. d4 cxd4 5. cxd4 d5 6. e5 Bg4 7. Bb5+ Nd7 8. O-O e6 9. Nc3 Ne7 10. Be3 O-O 11. Be2 Nc6 12. Ne1 Bxe2 13. Nxe2 f6 14. f4 Qb6 15. Qd2 Rac8 16. Nf3 Na5 17. b3 Rc7 18. Rac1 Rfc8 19. Kf2 Nc6 20. g3 a5 21. Nc3 Nb4 22. Na4 Qb5 23. Kg1 Rc2 24. Qd1 Qd3 25. Qxd3 Nxd3 26. Rxc2 Rxc2 27. Ne1 Nxe1 28. Rxe1 Rxa2 29. Rc1 fxe5 30. dxe5 b5 31. Rc8+ Bf8 32. Nc5 Rc2 33. Rxf8+ Nxf8 34. Nd7 Nxd7 0-1


[Site "https://www.chess.com"]

[Event "Titled Tuesday Blitz October 31 Late 2023"]
[White "Przybylski, Wojciech"]
[Black "Florianovitz, Derlei Alex"]
[WhiteFideId "1117599"]
[BlackFideId "2114178"]
[WhiteElo "2562"]
[BlackElo "2247"]
[Result "1-0"]
[Round "1"]
[TimeControl "180+1"]
[Date "2023.10.31"]
[WhiteClock "0:00:16"]
[BlackClock "0:00:00"]
[Board "143"]

1. d4 Nf6 2. c4 e6 3. g3 d5 4. Bg2 Be7 5. Nf3 c6 6. O-O O-O 7. Re1 Nbd7 8. a3 b6 9. Nc3 Ba6 10. cxd5 cxd5 11. Bf4 b5 12. Rc1 Rc8 13. h3 Qa5 14. Bd2 Qb6 15. Qb3 Ne4 16. Bf4 Nxc3 17. Rxc3 Rxc3 18. bxc3 Nf6 19. Ne5 h6 20. Kh2 Rc8 21. Rc1 Qa5 22. Nd3 Qxa3 23. Qxa3 Bxa3 24. Ra1 b4 25. Nxb4 Bxb4 26. cxb4 Bxe2 27. Rxa7 Rc4 28. Ra2 Bd3 29. Rb2 Nd7 30. Be3 Rc2 31. Rxc2 Bxc2 32. Bf1 Ba4 33. Bf4 Kf8 34. Bd6+ Ke8 35. b5 Nf6 36. f3 Kd7 37. Bf8 Ne8 38. Kg2 h5 39. Kf2 g6 40. Ke3 Kc7 41. Bc5 Kb7 42. Kf4 Nc7 43. Ke5 Nxb5 44. Kf6 Nc3 45. Kxf7 Bc2 46. Kxe6 Bf5+ 47. Kf6 Nd1 48. g4 hxg4 49. fxg4 Be4 50. h4 Ne3 51. Be2 Ng2 52. h5 gxh5 53. gxh5 Nf4 54. Bg4 Kc6 55. Kg5 Ng2 56. Bf8 Ne3 57. Be2 1-0


[Site "https://www.chess.com"]

[Event "Titled Tuesday Blitz October 31 Late 2023"]
[White "Lukey, Stephen G"]
[Black "Shapiro, Viktor"]
[WhiteFideId "4300386"]
[BlackFideId "4175700"]
[WhiteElo "2243"]
[BlackElo "2561"]
[Result "0-1"]
[Round "1"]
[TimeControl "180+1"]
[Date "2023.10.31"]
[WhiteClock "0:00:00"]
[BlackClock "0:01:31"]
[Board "144"]

1. d4 Nf6 2. Nf3 e6 3. c4 c5 4. d5 exd5 5. cxd5 d6 6. Nc3 g6 7. e4 Bg7 8. h3 O-O 9. Bd3 b5 10. Bxb5 Nxe4 11. Nxe4 Qa5+ 12. Nfd2 Qxb5 13. Nxd6 Qa6 14. N2c4 Nd7 15. O-O Ne5 16. Nxc8 Raxc8 17. Nxe5 Bxe5 18. Qc2 Rfd8 19. Rd1 Bd4 20. Be3 Rxd5 21. Qe4 Qe6 22. Qxe6 fxe6 23. Bxd4 cxd4 24. Rac1 Rxc1 25. Rxc1 a5 26. Kf1 Kf7 27. Ke2 Kf6 28. Rc7 h5 29. Kd3 e5 30. f3 Rb5 31. b3 a4 32. Kc4 Rb8 33. h4 axb3 34. axb3 Ra8 35. Rc6+ Kf5 36. g4+ hxg4 37. fxg4+ Kxg4 38. Rxg6+ Kf5 39. Rg5+ Ke4 40. Rg1 Rc8+ 41. Kb4 d3 42. h5 d2 43. h6 Rc1 44. Rg4+ Kf5 45. h7 Rh1 46. Rg1 Rxg1 47. h8=Q d1=Q 48. Qf8+ Ke4 49. Qa8+ Ke3 50. Qa7+ Qd4+ 0-1


[Site "https://www.chess.com"]

[Event "Titled Tuesday Blitz October 31 Late 2023"]
[White "Ordekalog"]
[Black "Bullen, Alex"]
[BlackFideId "1801627"]
[WhiteElo "2560"]
[BlackElo "2237"]
[Result "1-0"]
[Round "1"]
[TimeControl "180+1"]
[Date "2023.10.31"]
[WhiteClock "0:01:06"]
[BlackClock "0:00:48"]
[Board "145"]

1. e4 c5 2. d3 Nc6 3. g3 d5 4. exd5 Qxd5 5. Nf3 Bg4 6. Bg2 Nd4 7. Nbd2 e6 8. h3 Bh5 9. g4 Bg6 10. O-O Nxf3+ 11. Nxf3 Qd7 12. Ne5 Qc7 13. f4 Ne7 14. Qf3 O-O-O 15. Re1 h5 16. Bd2 hxg4 17. hxg4 Nd5 18. Nxg6 fxg6 19. Rxe6 c4 20. d4 Nf6 21. Rae1 Rxd4 22. Ba5 Qd7 23. Re8+ Nxe8 24. Rxe8+ Qxe8 25. Qxb7# 1-0


[Site "https://www.chess.com"]

[Event "Titled Tuesday Blitz October 31 Late 2023"]
[White "le-castor-faineant"]
[Black "Sanchez Alvares, Kelvin Antonio"]
[BlackFideId "3906680"]
[WhiteElo "2236"]
[BlackElo "2560"]
[Result "0-1"]
[Round "1"]
[TimeControl "180+1"]
[Date "2023.10.31"]
[WhiteClock "0:00:08"]
[BlackClock "0:00:14"]
[Board "146"]

1. e4 e5 2. Nf3 Nc6 3. Bb5 a6 4. Ba4 b5 5. Bb3 Nf6 6. O-O Be7 7. Re1 O-O 8. a4 b4 9. c3 Rb8 10. a5 d6 11. d3 Bg4 12. h3 Bxf3 13. gxf3 Nh5 14. Kh2 Bg5 15. Rg1 Bxc1 16. Qxc1 bxc3 17. Qxc3 Nd4 18. Bd1 Qh4 19. Nd2 Qxf2+ 20. Rg2 Qh4 21. Rg4 Qf2+ 22. Rg2 Qe3 23. Nf1 Qf4+ 24. Kh1 c5 25. b3 Qh4 26. Kh2 Nf4 27. Rg3 Nde2 28. Bxe2 Nxe2 29. Qd2 Nxg3 30. Nxg3 Rxb3 31. Rg1 g6 32. Nf5 Qf4+ 33. Qxf4 exf4 34. Nxd6 Rxd3 35. Nc4 Rb8 36. Nb6 Rxf3 37. Rc1 Re3 38. Rxc5 Rxe4 39. Kg2 Rb4 40. Kf3 R4xb6 41. axb6 Rxb6 42. Kxf4 Kg7 43. Kg4 h6 44. Rc7 a5 45. Ra7 Rb4+ 46. Kg3 a4 47. h4 Rb3+ 48. Kg4 a3 49. Ra5 h5+ 50. Kf4 Rh3 51. Kg5 f6+ 52. Kf4 Rxh4+ 53. Kg3 Rg4+ 54. Kh3 Kh6 55. Rxa3 Kg5 56. Ra5+ f5 57. Ra3 h4 58. Ra5 Rg3+ 59. Kh2 Re3 60. Kg2 Kg4 61. Ra6 g5 62. Ra4+ f4 63. Ra2 f3+ 64. Kf1 Kg3 65. Ra1 g4 66. Kg1 f2+ 67. Kf1 Re1+ 68. Rxe1 fxe1=Q+ 69. Kxe1 Kg2 0-1


[Site "https://www.chess.com"]

[Event "Titled Tuesday Blitz October 31 Late 2023"]
[White "Yurtseven, Melih"]
[Black "De Souza, Cristiano Gomes"]
[WhiteFideId "6312160"]
[BlackFideId "2151758"]
[WhiteElo "2558"]
[BlackElo "2233"]
[Result "1/2-1/2"]
[Round "1"]
[TimeControl "180+1"]
[Date "2023.10.31"]
[WhiteClock "0:00:13"]
[BlackClock "0:00:59"]
[Board "147"]

1. g3 Nf6 2. Bg2 g6 3. d3 Bg7 4. Nd2 d5 5. Ngf3 O-O 6. O-O c5 7. e4 Nc6 8. exd5 Nxd5 9. Re1 h6 10. Nc4 b5 11. Ne3 Be6 12. a4 a6 13. Nd2 Rc8 14. axb5 axb5 15. Nb3 Nxe3 16. Rxe3 Bxb3 17. cxb3 Nd4 18. Ra7 Rc7 19. Ra8 Qd6 20. Rxf8+ Kxf8 21. Re1 e5 22. Be3 Re7 23. Bxd4 exd4 24. Rxe7 Qxe7 25. Bc6 b4 26. Bd5 Bf6 27. Kg2 Kg7 28. Bc4 h5 29. Qf3 Bg5 30. h3 Bc1 31. g4 hxg4 32. hxg4 Bxb2 33. Qd1 Bc3 34. Qf3 Qf6 35. Qxf6+ Kxf6 36. f4 Bd2 37. Kf3 g5 38. f5 Ke7 39. Ke4 f6 40. Kd5 Bc3 41. Kxc5 Kd7 42. Be6+ Ke7 43. Kc6 Bb2 44. Kd5 Bc3 45. Kc5 Kf8 46. Kd6 Bb2 47. Bc4 Bc3 48. Ke6 Kg7 49. Ke7 Bb2 50. Be6 Bc3 51. Ke8 Bb2 52. Kd7 Bc3 53. Ke7 Bb2 54. Kd6 Bc3 55. Kc5 Kf8 56. Kc4 Ke7 57. Bd5 Kd6 58. Bf7 Ke5 59. Bh5 Kd6 60. Kb5 Bd2 61. Kc4 Bc3 62. Kb5 Bd2 63. Kc4 Bc3 1/2-1/2


[Site "https://www.chess.com"]

[Event "Titled Tuesday Blitz October 31 Late 2023"]
[White "Osmonbekov, Talaibek"]
[Black "Wartiovaara, Oliver"]
[WhiteFideId "2017253"]
[BlackFideId "513024"]
[WhiteElo "2233"]
[BlackElo "2557"]
[Result "0-1"]
[Round "1"]
[TimeControl "180+1"]
[Date "2023.10.31"]
[WhiteClock "0:00:00"]
[BlackClock "0:00:43"]
[Board "148"]

1. d4 g6 2. e4 Bg7 3. Nc3 c5 4. Nf3 cxd4 5. Nxd4 Nc6 6. Be3 Nf6 7. Bc4 O-O 8. f3 Qa5 9. Qd2 Qb4 10. Nxc6 bxc6 11. Bb3 d5 12. exd5 cxd5 13. Nxd5 Nxd5 14. Bxd5 Qxb2 15. O-O Rb8 16. Rad1 Ba6 17. Rfe1 Bc3 18. Qf2 e6 19. Bb3 Rfd8 20. Bxa7 Bxe1 21. Rxe1 Rbc8 22. h3 Bc4 23. Bb6 Rd7 24. Kh2 Bxb3 25. cxb3 Qxf2 26. Bxf2 Rc2 27. Bd4 Rxd4 28. a4 Rdd2 29. Re3 Rxg2+ 30. Kh1 Rge2 31. Rxe2 Rxe2 32. b4 Ra2 33. a5 Kf8 34. Kg1 Ke7 0-1


[Site "https://www.chess.com"]

[Event "Titled Tuesday Blitz October 31 Late 2023"]
[White "Sarkar, Justin"]
[Black "Aldokhin, Ivan"]
[WhiteFideId "2010011"]
[BlackFideId "24115720"]
[WhiteElo "2231"]
[BlackElo "2555"]
[Result "0-1"]
[Round "1"]
[TimeControl "180+1"]
[Date "2023.10.31"]
[WhiteClock "0:00:00"]
[BlackClock "0:02:02"]
[Board "150"]

1. e4 c5 2. Nf3 e6 3. d4 cxd4 4. Nxd4 a6 5. c4 Qc7 6. Nc3 Nf6 7. a3 d6 8. Be2 Nbd7 9. O-O b6 10. b4 Bb7 11. f3 b5 12. Be3 bxc4 13. Rc1 Rc8 14. a4 Be7 15. b5 a5 16. Nc6 Bxc6 17. bxc6 Qxc6 18. Bxc4 O-O 19. Bb5 Qb7 20. Qe2 Nc5 21. Rb1 Qa8 22. Rfc1 Rc7 23. Bc4 Rd8 24. Nb5 Rcc8 0-1


[Site "https://www.chess.com"]

[Event "Titled Tuesday Blitz October 31 Late 2023"]
[White "Hajiyev, Kanan"]
[Black "Uddin, Mubassar"]
[WhiteFideId "13404148"]
[BlackFideId "2093944"]
[WhiteElo "2552"]
[BlackElo "2226"]
[Result "1-0"]
[Round "1"]
[TimeControl "180+1"]
[Date "2023.10.31"]
[WhiteClock "0:00:36"]
[BlackClock "0:00:08"]
[Board "151"]

1. d4 d5 2. Nf3 Bf5 3. c4 e6 4. Nc3 Nf6 5. Bg5 c6 6. e3 Be7 7. Be2 dxc4 8. Bxc4 O-O 9. O-O b5 10. Be2 Nbd7 11. Rc1 a6 12. Nh4 Bg6 13. Nxg6 hxg6 14. Bf3 Rc8 15. a4 Qb6 16. Ne4 Rfe8 17. axb5 cxb5 18. Rxc8 Rxc8 19. h4 Qc7 20. Qa1 a5 21. Bf4 Qc2 22. Nd6 Bxd6 23. Bxd6 a4 24. Qa3 Nb6 25. Bc5 Nc4 26. Qb4 Qxb2 27. Qxb2 Nxb2 28. Rb1 a3 29. Bxa3 Nc4 30. Bc5 Rb8 31. Be2 Nd7 32. Bxc4 bxc4 33. Rc1 Rc8 34. Rxc4 e5 35. Kh2 exd4 36. exd4 f5 37. Kg3 Kf7 38. Kf4 Ke6 39. Kg5 Kd5 40. Rc2 Rc6 41. Re2 Nxc5 42. dxc5 Rxc5 43. Kxg6 f4 44. Kxg7 Kd4 45. Kg6 Kd3 46. Re1 Rc2 47. h5 Rxf2 48. Rg1 Re2 49. h6 Re6+ 50. Kg5 Re7 51. Kxf4 Rh7 52. Rh1 Kd4 53. g4 Kd5 54. Kf5 Kd6 55. g5 Rh8 56. g6 Rf8+ 57. Kg5 Ke7 58. h7 Rh8 59. g7 Kf7 60. gxh8=Q Ke6 61. Qg8+ Kd7 62. Qg6 Kc8 63. h8=Q+ Kb7 64. Rh7# 1-0


[Site "https://www.chess.com"]

[Event "Titled Tuesday Blitz October 31 Late 2023"]
[White "Quirke, Jeffrey"]
[Black "Ribeiro, Matheus Mendes Domingues"]
[WhiteFideId "2013029"]
[BlackFideId "324226923"]
[WhiteElo "2223"]
[BlackElo "2550"]
[Result "0-1"]
[Round "1"]
[TimeControl "180+1"]
[Date "2023.10.31"]
[WhiteClock "0:00:08"]
[BlackClock "0:00:12"]
[Board "152"]

1. e4 e6 2. Nf3 d5 3. e5 c6 4. b4 Nd7 5. a3 f6 6. Bb2 a5 7. b5 fxe5 8. Nxe5 Nxe5 9. Bxe5 Nf6 10. bxc6 bxc6 11. d4 Bd6 12. Bxd6 Qxd6 13. Bd3 O-O 14. O-O e5 15. dxe5 Qxe5 16. Nd2 c5 17. Qe2 Qxe2 18. Bxe2 Bf5 19. Bd3 Bxd3 20. cxd3 Rab8 21. Rab1 Rfe8 22. Nb3 c4 23. dxc4 dxc4 24. Nxa5 c3 25. Rbc1 Rec8 26. Rc2 Rb5 27. Rfc1 Rxa5 28. Rxc3 Rca8 29. Rc8+ Rxc8 30. Rxc8+ Kf7 31. Rc3 Ke6 32. f3 Nd5 33. Rb3 Rc5 34. h4 Rc3 35. Rb7 Ne7 36. a4 Ra3 37. Ra7 Nf5 38. Kh2 Kf6 39. Kh3 Ra1 40. g4 Nd4 41. Kg3 Ra3 42. a5 Rxf3+ 43. Kg2 Ra3 44. a6 h6 45. Ra8 Kg6 46. h5+ Kg5 47. a7 Ra2+ 48. Kf1 Nb5 49. Rc8 Nxa7 50. Ra8 Kxg4 51. Rg8 Kxh5 52. Rxg7 Ra6 53. Kg2 Rg6+ 0-1


[Site "https://www.chess.com"]

[Event "Titled Tuesday Blitz October 31 Late 2023"]
[White "Golubev, Mikhail"]
[Black "Modric, Nesa"]
[WhiteFideId "14100983"]
[BlackFideId "922579"]
[WhiteElo "2549"]
[BlackElo "2220"]
[Result "1-0"]
[Round "1"]
[TimeControl "180+1"]
[Date "2023.10.31"]
[WhiteClock "0:00:43"]
[BlackClock "0:00:00"]
[Board "153"]

1. e4 d5 2. exd5 Qxd5 3. Nf3 Bg4 4. Be2 Nc6 5. d4 O-O-O 6. c4 Qd7 7. d5 Bxf3 8. Bxf3 Ne5 9. O-O Nxf3+ 10. Qxf3 e6 11. Nc3 Nf6 12. Bg5 Be7 13. Rad1 h6 14. Bxf6 Bxf6 15. Nb5 Kb8 16. Qe3 b6 17. Qa3 a5 18. b4 Be7 19. d6 Bxd6 20. Nxd6 cxd6 21. bxa5 Qa7 22. Rb1 Ka8 23. Rxb6 Rd7 24. Rfb1 Rhd8 25. h3 d5 26. c5 d4 27. c6 Rc7 28. Rb7 Rxb7 29. cxb7+ Kb8 30. Qg3+ 1-0


[Site "https://www.chess.com"]

[Event "Titled Tuesday Blitz October 31 Late 2023"]
[White "ChessDojo"]
[Black "Roebers, Eline"]
[BlackFideId "1058401"]
[WhiteElo "2214"]
[BlackElo "2549"]
[Result "0-1"]
[Round "1"]
[TimeControl "180+1"]
[Date "2023.10.31"]
[WhiteClock "0:00:59"]
[BlackClock "0:01:34"]
[Board "154"]

1. c4 f5 2. Nc3 Nf6 3. Nf3 g6 4. g3 Bg7 5. Bg2 O-O 6. O-O d6 7. d3 e5 8. Bg5 h6 9. Bxf6 Qxf6 10. Nd5 Qf7 11. h4 c6 12. Nc3 Be6 13. b4 e4 14. dxe4 Bxc3 15. Rc1 Bg7 16. exf5 Bxf5 17. Qxd6 Nd7 18. Nd4 Be5 19. Nxf5 Bxd6 20. Nxh6+ Kg7 21. Nxf7 Rxf7 22. c5 Bf8 23. Rfd1 Re8 24. e3 Ne5 25. a4 Ng4 26. Rc2 Re5 27. Bh3 Nf6 28. Rcd2 Nd5 29. Rd4 a5 30. e4 Nxb4 31. Rd7 Bxc5 32. Rxf7+ Kxf7 33. Rd7+ Re7 0-1


[Site "https://www.chess.com"]

[Event "Titled Tuesday Blitz October 31 Late 2023"]
[White "Toropov, Pavel"]
[Black "Mariia89"]
[WhiteFideId "24129178"]
[WhiteElo "2548"]
[BlackElo "2194"]
[Result "1-0"]
[Round "1"]
[TimeControl "180+1"]
[Date "2023.10.31"]
[WhiteClock "0:00:09"]
[BlackClock "0:00:00"]
[Board "155"]

1. e4 c6 2. d4 d5 3. exd5 cxd5 4. Bd3 Nf6 5. h3 Nc6 6. Nf3 e6 7. c3 Bd6 8. O-O h6 9. Re1 O-O 10. Nbd2 a6 11. Ne5 Ne8 12. Ndf3 Bxe5 13. dxe5 f5 14. exf6 Nxf6 15. Bf4 Bd7 16. Ne5 Ne4 17. Bxe4 Rxf4 18. Nxc6 bxc6 19. Bc2 Qf8 20. Qd2 Re8 21. Re5 Qc5 22. Rae1 Ref8 23. R1e2 R8f6 24. Qe3 Qb5 25. f3 a5 26. Kh1 a4 27. a3 c5 28. Bd3 Qb6 29. Bb1 Bb5 30. Rxe6 Qa7 31. Rxf6 Rxf6 32. Rd2 Bc6 33. Qd3 g6 34. Qe3 Qf7 35. Qxh6 Qg7 36. Qxg7+ Kxg7 37. Re2 Rd6 38. Re7+ Kf6 39. Re2 d4 40. cxd4 cxd4 41. Rd2 Ke5 42. Bd3 Kf4 43. Re2 Kg3 44. Kg1 Bb7 45. Rd2 Bd5 46. Bc2 Bc4 47. Bd3 Bb3 48. Re2 Rc6 49. Re1 Rc5 50. Rf1 Re5 51. f4 Re3 52. Bxg6 Kh4 53. Rf3 Re2 54. Rf2 Re1+ 55. Kh2 1-0


[Site "https://www.chess.com"]

[Event "Titled Tuesday Blitz October 31 Late 2023"]
[White "Wisniowski, Natalie"]
[Black "Blomqvist, Erik"]
[WhiteFideId "30929261"]
[BlackFideId "1709437"]
[WhiteElo "2176"]
[BlackElo "2547"]
[Result "0-1"]
[Round "1"]
[TimeControl "180+1"]
[Date "2023.10.31"]
[WhiteClock "0:00:05"]
[BlackClock "0:00:49"]
[Board "156"]

1. e4 c5 2. d4 cxd4 3. c3 dxc3 4. Nxc3 e6 5. Nf3 a6 6. Bf4 Nc6 7. Be2 Nge7 8. O-O Ng6 9. Bd6 Bxd6 10. Qxd6 Qe7 11. Qd2 b5 12. Rfe1 O-O 13. Bd3 Nge5 14. Nxe5 Nxe5 15. Bc2 Nc4 16. Qd3 Nxb2 17. Qh3 Bb7 18. Nd5 Qc5 19. Ne3 Rac8 20. Rac1 Qg5 21. Nf1 Nc4 22. Ng3 Ne5 23. Ne2 Qg4 24. Qe3 Rxc2 25. Rxc2 Bxe4 26. Rd2 Qxg2# 0-1


[Site "https://www.chess.com"]